 Dungeon Crawl Stone Soup version 0.30-a0-758-gc2c871d025 (webtiles) character file.

Game seed: 8105090343754908288

181 Conn the Firebug (level 5, -7/31 HPs)
             Began as an Octopode Fire Elementalist on Feb 10, 2023.
             Was an Initiate of Sif Muna.
             Mangled by an ice beast (12 damage)
             ... on level 3 of the Dungeon.
             The game lasted 00:05:53 (3210 turns).

Conn the Firebug (Octopode Fire Elementalist)       Turns: 3210, Time: 00:05:53

Health: -7/31      AC:  1    Str:  7    XL:     5   Next: 61%
Magic:  1/9        EV: 13    Int: 19    God:    Sif Muna [......]
Gold:   270        SH:  0    Dex: 13    Spells: 3/9 levels left

rFire   . . .      SeeInvis .    j - +1 dagger (distort)
rCold   . . .      Faith    .    (no shield)
rNeg    . . .      Spirit   .    (helmet restricted)
rPois   .          Reflect  .    (no amulet)
rElec   .          Harm     .    (no ring)
rCorr   .          Rampage  .    (no ring)
Will    .....                    (no ring)
Stlth   +++                      (no ring)
HPRegen 0.25/turn                (no ring)
MPRegen 0.11/turn                (no ring)
                                 (no ring)
                                 (no ring)

@: mighty
A: almost no armour, amphibious, 8 rings, camouflage 1, gelatinous body 1,
(nimble swimmer 1), tentacles
a: Renounce Religion


You were on level 3 of the Dungeon.
You worshipped Sif Muna.
Sif Muna was noncommittal.
You visited 1 branch of the dungeon, and saw 3 of its levels.

You collected 270 gold pieces.

Inventory:

Hand Weapons
 j - a +1 dagger of distortion (weapon)
Wands
 q - a wand of charming (9)
Scrolls
 b - a scroll of enchant armour
 f - a scroll of fog {unknown}
 g - a scroll of summoning {unknown}
 h - 2 scrolls of fear {unknown}
 k - 3 scrolls of immolation {unknown}
 n - a scroll of teleportation {unknown}
 o - a scroll of enchant weapon {unknown}
 p - a scroll of identify {unknown}
Potions
 a - 2 potions of magic
 c - a potion of might
 d - a potion of degeneration {unknown}
 e - a potion of flight {unknown}
 i - a potion of berserk rage {unknown}
 l - a potion of heal wounds {unknown}
 m - a potion of haste {unknown}
 r - a potion of curing {unknown}


   Skills:
 + Level 0.2 Fighting
 + Level 0.2 Short Blades
 + Level 2.5 Dodging
 + Level 3.6 Stealth
 + Level 0.2 Unarmed Combat
 + Level 2.8 Spellcasting
 + Level 2.1 Conjurations
 + Level 4.4 Fire Magic


You had 3 spell levels left.
You knew the following spells:

 Your Spells              Type           Power      Damage    Failure   Level
a - Foxfire               Conj/Fire      60%        2x1d7     4%          1
c - Inner Flame           Hex/Fire       11%        N/A       19%         3
e - Scorch                Fire           38%        2d7       3%          2

Your spell library contained the following spells:

 Spells                   Type           Power      Damage    Failure   Level
 Kindle Blastsparks       Fire/Tloc/Air  16%        2d11      26%         3
 Flame Wave               Conj/Fire      15%        2d7       36%         4


Dungeon Overview and Level Annotations

Branches:
Dungeon (3/15)

Altars:
Okawaru
Sif Muna
Trog
Uskayaw
Yredelemnul


Innate Abilities, Weirdness & Mutations

You cannot wear most types of armour.
You are amphibious.
You can wear up to eight rings at the same time.
Your skin changes colour to match your surroundings (Stealth+).
Your rubbery body absorbs attacks. (AC +1, EV +1)
((You are camouflaged when in or above water. (Stealth+)))
You have tentacles for arms and can constrict up to eight enemies at once.


Message History

Casting: Foxfire (safe; 4% risk of failure)
Confirm with . or Enter, or press ? or * to list all spells.
You conjure some foxfire!
The foxfire hits the ice beast but does no damage.
The foxfire hits the hobgoblin but does no damage.
The hobgoblin barely misses you. The ice beast barely misses you.
Unknown command.
Casting: Foxfire (safe; 4% risk of failure)
Confirm with . or Enter, or press ? or * to list all spells.
Flames lash the hobgoblin.
You kill the hobgoblin!
Sif Muna accepts your kill.
The foxfire hits the ice beast but does no damage. x2
The ice beast hits you. The ice beast freezes you!
Casting: Scorch (safe; 3% risk of failure)
Confirm with . or Enter, or press ? or * to list all spells.
Flames lash the ice beast.
The ice beast melts!
The ice beast is moderately wounded.
The ice beast's fire resistance burns away.
The ice beast barely misses you.
Casting: Scorch (safe; 3% risk of failure)
Confirm with . or Enter, or press ? or * to list all spells.
Flames lash the ice beast but do no damage.
The ice beast hits you. The ice beast freezes you!
* * * LOW HITPOINT WARNING * * *
Okay, then.
Unknown command.
Aiming: Charm
Press: ? - help, Shift-Dir - straight line, f - ice beast
Aim: an ice beast (moderately wounded, more vulnerable to fire, chance to affect: 49%)
Okay, then.
Unknown command.
Unknown command.
Unknown command.
It was a potion of might.
You feel very mighty all of a sudden. The ice beast hits you.
* * * LOW HITPOINT WARNING * * *
The ice beast freezes you!
You die...

#########
#......>#
##.......#
##........#
#######
#.........#
#.....###
#..Y@...#
..<......
####.####
......###
#.# ......#
### #.#
##########.#
#.# #
#....#####.#
#
#.#........#
##
#.#........#
.##
#.#........#


You could see an ice beast (combustible).

Vanquished Creatures
  An orc priest (D:3)
  2 orc wizards (D:3)
  2 adders
  2 dart slugs
  3 orcs (D:3)
  10 ball pythons
  9 bats
  4 endoplasms
  4 giant cockroaches
  4 goblins
  7 hobgoblins
  8 jackals (D:3)
  2 quokkas
  5 frilled lizards
  3 kobolds
  6 rats
72 creatures vanquished.

Vanquished Creatures (others)
  173 foxfires
173 creatures vanquished.

Grand Total: 245 creatures vanquished

Notes
Turn   | Place    | Note
-------+----------+-------------------------------------------
     0 | D:1      | Conn the Octopode Fire Elementalist began the quest for the
                  | Orb.
     0 | D:1      | Reached XP level 1. HP: 11/11 MP: 3/3
    10 | D:1      | Noticed a bullfrog
   243 | D:1      | Reached XP level 2. HP: 17/17 MP: 1/5
   870 | D:1      | Reached XP level 3. HP: 12/21 MP: 3/6
  1814 | D:2      | Learned a level 2 spell: Scorch
  1818 | D:2      | Learned a level 3 spell: Inner Flame
  2429 | D:2      | Found a faded altar of an unknown god.
  2515 | D:3      | Reached XP level 4. HP: 27/27 MP: 4/7
  2533 | D:3      | Found an iron altar of Okawaru.
  2536 | D:3      | Reached skill level 4 in Fire Magic
  2605 | D:3      | Found a basalt altar of Yredelemnul.
  2607 | D:3      | Found a bloodstained altar of Trog.
  2607 | D:3      | Found a hide-covered altar of Uskayaw.
  2608 | D:3      | Found a shimmering blue altar of Sif Muna.
  2630 | D:3      | Became a worshipper of Sif Muna the Loreminder
  2878 | D:3      | Reached XP level 5. HP: 21/31 MP: 2/8
  3202 | D:3      | Noticed an ice beast
  3210 | D:3      | Mangled by an ice beast

Illustrated notes

Levels and vault maps discovered:
D:1:      evilmike_arrival_come_back, layout_loops_corners,
          serial_co_window_serial, co_window_paths_a, co_window_paths_a,
          co_window_cross_1, co_window_paths_a, co_window_paths_a,
          co_window_corner_b, co_window_unsneaky_path_c, co_window_2corner,
          co_window_of_opportunity_b, co_window_of_opportunity_b,
          grunt_decor_mini_mirrors, minmay_ruptured
D:2:      layout_basic, shapermc_ecumenical_altar_mp_vishouse,
          hangedman_feature_mirror, grunt_ministairs_10, minmay_liquid_box,
          minmay_tall_x
D:3:      layout_rooms, grunt_temple_overflow_open

Skill      XL: |  1  2  3  4  5 |
---------------+----------------+-----
Stealth        | 3 |  3.6
Fire Magic     | 4 |  4.4
Conjurations   | 2 |  2.1
Fighting       | |  0.2
Short Blades   | |  0.2
Dodging        | |  2.5
Unarmed Combat | |  0.2
Spellcasting   | |  2.8

Action                     |  1- 3 |  4- 6 || total
---------------------------+-------+-------++-------
  Melee: Unarmed           |     7 |       ||     7
         Constrict         |     4 |     4 ||     8
         Tentacles         |     4 |     3 ||     7
         Punch             |     2 |       ||     2
         Dagger            |     5 |    17 ||    22
   Cast: Foxfire           |    72 |    32 ||   104
         Scorch            |     1 |     6 ||     7
    Use: Scroll            |     1 |       ||     1
         Potion            |       |     1 ||     1
   Stab: Sleeping          |     3 |       ||     3
 Armour: Skin              |     1 |     2 ||     3
  Dodge: Dodged            |    15 |    20 ||    35

Table legend: (Time is in decaauts)
 A = Elapsed time spent in this place.
 B = Non-inter-level travel time spent in this place.
 C = Inter-level travel time spent in this place.
 D = Time resting spent in this place.
 E = Time spent auto-exploring this place.
 F = Levels seen in this place.
 G = Mean time per level.
                   A        B        C        D        E       F      G
               +--------+--------+--------+--------+--------+-----+--------+
         Total |   3209 |   3104 |    105 |     54 |   2386 |   3 | 1069.7 |
       Dungeon |   3209 |   3104 |    105 |     54 |   2386 |   3 | 1069.7 |
               +--------+--------+--------+--------+--------+-----+--------+

Top non-repeatable levels by time:
     D:1: 1629 daAuts
     D:2: 934 daAuts
     D:3: 645 daAuts
